 Dungeon Crawl Stone Soup version 0.28-a0-10-g964c8b829e (webtiles) character file.

Game seed: 2546921558423673663

135 bande the Shield-Bearer (level 5, -21/33 HPs)
             Began as a Gargoyle Fighter on July 25, 2021.
             Demolished by an ogre (25 damage)
             ... on level 4 of the Dungeon.
             The game lasted 00:05:10 (2424 turns).

bande the Shield-Bearer (Gargoyle Fighter)          Turns: 2424, Time: 00:05:10

Health: -21/33     AC: 10    Str: 19    XL:     5   Next: 18%
Magic:  5/5        EV:  7    Int:  9    God:
Gold:   126        SH:  9    Dex: 10    Spells: 4/4 levels left

rFire   . . .      SeeInvis .   a - +1 war axe
rCold   . . .      Faith    .   c - +0 kite shield
rNeg    + . .      Spirit   .   b - +0 scale mail
rPois   ∞          Reflect  .   (no helmet)
rElec   +          Harm     .   (no cloak)
rCorr   .          Rampage  .   (no gloves)
Will    .....                   (no boots)
Stlth   ..........              (no amulet)
HPRegen 0.11/turn               (no ring)
MPRegen 0.09/turn               (no ring)

@: no status effects
A: sickness immunity, AC +4, negative energy resistance 1, electricity
resistance, torment resistance 1, petrification resistance, MP-powered wands
a: no special abilities


You were on level 4 of the Dungeon.
You visited 1 branch of the dungeon, and saw 4 of its levels.

You collected 126 gold pieces.

Inventory:

Hand Weapons
 a - a +1 war axe (weapon)
Missiles
 f - a throwing net (quivered)
Armour
 b - a +0 scale mail (worn)
 c - a +0 kite shield (worn)
Potions
 d - a potion of might
 e - a potion of heal wounds
 h - a potion of haste


   Skills:
 + Level 3.9 Fighting
 + Level 3.1 Axes
 + Level 3.6 Armour
 + Level 1.0 Dodging
 + Level 4.3 Shields


You had 4 spell levels left.
You didn't know any spells.
Your spell library contained the following spells:

 Spells                   Type           Power      Damage    Failure   Level
 Petrify                  Tmut/Erth      0%         N/A       100%        4
 Irradiate                Conj/Tmut      0%         3d13      100%        5
 Sublimation of Blood     Necr           Unusable   N/A       N/A         2

Dungeon Overview and Level Annotations

Branches:
Dungeon (4/15)
 Temple: D:4-7

Altars:
Sif Muna


Innate Abilities, Weirdness & Mutations

You are immune to sickness and miasma.
Your stone body is resilient. (AC +4)
You are immune to poison.
You resist negative energy. (rN+)
You are resistant to electric shocks. (rElec)
You are resistant to unholy torment.
You are immune to petrification.
You expend magic power (3 MP) to strengthen your wands.


Message History

Items here: )) ††.
Okay, then.
There is an escape hatch in the floor here.
Found a rapier.
An ogre comes into view. It is wielding a +0 giant club.
The ogre shouts!
You see here a +0 rapier.
You barely miss the ogre. The ogre barely misses you.
You hit the ogre.
The ogre is lightly wounded.
The ogre barely misses you.
You slash the ogre!
The ogre is moderately wounded.
You block the ogre's attack.
You hit the ogre.
The ogre is heavily wounded.
The ogre barely misses you. You block the ogre's attack.
You hit the ogre.
The ogre is heavily wounded.
You block the ogre's attack.
You completely miss the ogre.
The ogre is heavily wounded.
The ogre barely misses you.
You slash the ogre!
The ogre is severely wounded.
You block the ogre's attack.
You barely miss the ogre.
The ogre is severely wounded.
The ogre hits you with a +0 giant club!
The ogre hits you with a +0 giant club!!
Ouch! That really hurt!
* * * LOW HITPOINT WARNING * * *
You closely miss the ogre.
The ogre is severely wounded.
You block the ogre's attack.
You completely miss the ogre.
The ogre is severely wounded.
The ogre hits you with a +0 giant club!!
Ouch! That really hurt!
You die...

#. #. ## #.
#.##
##.#...###
..... ...
#... #.# #.O#
#.# #.@####.#
#.....#.#
##.##.#.#
#.##.#<#
#......#
####.### ##
#.# ..
#####.#####.#
#...........#


You could see an ogre.

Vanquished Creatures
  3 gnolls (D:4)
  3 adders
  2 worms
  2 dart slugs
  An orc (D:3)
  11 endoplasms
  5 giant cockroaches
  2 goblins
  8 hobgoblins
  4 jackals
  2 kobolds
  A quokka (D:1)
  7 ball pythons
  8 bats
  4 frilled lizards
  3 rats
66 creatures vanquished.

Notes
Turn   | Place    | Note
-------+----------+-------------------------------------------
     0 | D:1      | bande the Gargoyle Fighter began the quest for the Orb.
     0 | D:1      | Reached XP level 1. HP: 14/14 MP: 1/1
   100 | D:1      | Found a faded altar of an unknown god.
   106 | D:1      | Reached XP level 2. HP: 19/19 MP: 2/2
   620 | D:1      | Reached XP level 3. HP: 24/24 MP: 3/3
   920 | D:1      | Reached skill level 4 in Shields
  1197 | D:2      | Reached XP level 4. HP: 20/29 MP: 4/4
  1532 | D:2      | Found a shimmering blue altar of Sif Muna.
  2264 | D:4      | Gained mutation: You expend magic power (3 MP) to
                  | strengthen your wands. [potion of mutation]
  2279 | D:4      | Reached XP level 5. HP: 27/33 MP: 5/5
  2283 | D:4      | Reached skill level 1 in Dodging
  2413 | D:4      | Noticed an ogre
  2424 | D:4      | Demolished by an ogre

Illustrated notes

Levels and vault maps discovered:
D:1:      onia_arrival_pentagram, layout_basic, basic_ecumenical_altar,
          serial_rivers, chequers_serial_rivers_small_a,
          chequers_serial_rivers_micro_c, chequers_serial_rivers_marsh,
          chequers_serial_rivers_room_a, chequers_serial_rivers_micro_e
D:2:      layout_rooms, basic_altar
D:3:      layout_basic, minmay_misc_feat_alley
D:4:      layout_loops_corners, temple_doors_e

Skill      XL: |  1  2  3  4  5 |
---------------+----------------+-----
Axes           | 2 3 |  3.1
Shields        | 4 |  4.3
Dodging        | 1 |  1.0
Fighting       | |  3.9
Armour         | |  3.6

Action                   |  1- 3 |  4- 6 || total
-------------------------+-------+-------++-------
Melee: War axe           |   115 |    86 ||   201
  Use: Scroll            |       |     4 ||     4
       Potion            |       |     1 ||     1
Armor: Scale mail        |   106 |    38 ||   144
Dodge: Dodged            |    59 |    30 ||    89
Block: Kite shield       |    83 |    45 ||   128

Table legend: (Time is in decaauts)
 A = Elapsed time spent in this place.
 B = Non-inter-level travel time spent in this place.
 C = Inter-level travel time spent in this place.
 D = Time resting spent in this place.
 E = Time spent auto-exploring this place.
 F = Levels seen in this place.
 G = Mean time per level.
                   A        B        C        D        E       F      G
               +--------+--------+--------+--------+--------+-----+--------+
         Total |   2546 |   2536 |     10 |    272 |   1648 |   4 |  636.5 |
       Dungeon |   2546 |   2536 |     10 |    272 |   1648 |   4 |  636.5 |
               +--------+--------+--------+--------+--------+-----+--------+

Top non-repeatable levels by time:
     D:1: 1131 daAuts
     D:3: 655 daAuts
     D:2: 589 daAuts
     D:4: 170 daAuts
